[Event "45th FIDE Olympiad 2024"]
[Site "Budapest"]
[Date "2024.09.13"]
[Round "3.29"]
[White "Vitiugov, Nikita"]
[Black "Bjerre, Jonas Buhl"]
[Result "1/2-1/2"]
[ECO "C50"]
[WhiteElo "2676"]
[BlackElo "2648"]
[Annotator "TA"]
[PlyCount "129"]
[EventDate "2024.09.05"]
[EventType "team-tourn"]
[EventCountry "HUN"]
[SourceTitle "playchess.com"]
[Source "ChessBase"]
[SourceQuality "1"]
[WhiteTeam "England"]
[BlackTeam "Denmark"]
[WhiteTeamCountry "ENG"]
[BlackTeamCountry "DEN"]
[TimeControl "40/5400+30:1800+30"]

1. e4 e5 2. Nf3 Nc6 3. Bc4 Bc5 4. d3 Nf6 5. Nc3 a6 6. Be3 Bb4 7. O-O Bxc3 8. bxc3 {[%emt 0:00:04] White has an edge.} d6 9. Ng5 O-O 10. f4 h6 11. Nf3 d5 12. exd5 Nxd5 13. Bc5 Re8 14. Nxe5 Nxe5 15. fxe5 Rxe5 16. Bd4 {[%emt 0:05:50] This pair of bishops is nice.} Rg5 17. h4 Rf5 18. Rxf5 Bxf5 19. Qf3 Be6 20. a4 f6 21. a5 Qd6 22. Rb1 Rb8 23. Qf2 Bf7 24. Re1 Re8 25. Rxe8+ Bxe8 26. Bb3 {[%emt 0:01:02] [#] And now c4 would win.} Bf7 27. Qf3 c6 28. Qg4 Qe7 29. Kf2 Be6 30. Qg3 c5 31. c4 Nb4 32. Be3 Nc6 33. Bxh6 Nxa5 34. Ba4 Nc6 35. Bxc6 bxc6 $11 {[%emt 0:00:03][%mdl 4096] Endgame. KQB-KQB} 36. Be3 Bf7 37. Ke2 Bh5+ 38. Kd2 Qd8 39. Kc1 (39. Bxc5 $2 {loses.} Qa5+ 40. Kc1 Qxc5 $19) 39... Kh7 40. Bxc5 Qa5 41. Bd4 Qb4 42. Qe3 a5 43. Bc5 (43. g4 $16 Bxg4 44. Qe4+ f5 45. Qe5 (45. Qxc6 Qe1+ 46. Kb2 Qb4+ 47. Ka2 Qe7 $16)) 43... Qc3 $14 44. Bd4 (44. Qe4+ $14 Bg6 45. Qe2 (45. Qxc6 Bxd3 46. Qa4 Bxc4 $11)) 44... Qa3+ (44... Qb4 $1 $11) 45. Kd2 Qd6 46. Bc5 Qd7 47. Qe4+ Kg8 48. Kc3 Kf7 49. Qh7 Qg4 50. Qh8 Qe2 51. Qf8+ Kg6 52. Qb8 Kh7 53. Qg3 {[%emt 0:00:31] Active counter play!} Kg8 54. Bd4 Kh7 55. Kb2 a4 56. Bc5 Kg8 57. Bb4 Bg4 58. Bc3 Kh7 59. Bd4 Bh5 60. Bc5 (60. Qf2 {simplifies} Kg6 61. Ka3 Qxf2 62. Bxf2 Bd1 63. c3) 60... Kg8 $1 61. Kc3 (61. Qb8+ $14 Kh7 62. Qg3) 61... Bg4 62. Ba3 Bh5 {[%emt 0:00:10] The position is equal.} 63. Bd6 Qd1 64. Kb2 {[%emt 0:00:51] Against Qa1+} Qd2 {[%emt 0:00:29] Repels Qe3. aiming for ...Bd1.} 65. Qf4 {[%emt 0:01:48] Weighted Error Value: White=0.11 (very precise) /Black=0.09 (flawless) .  Mistake:       	White=3     	Black=1      Inaccurate:     	White=5     	Black=7      OK:         	White=23    	Black=28     Best:        	White=1     	Black=1      Strong:       	---       	Black=1} 1/2-1/2

[Event "45th FIDE Olympiad 2024"]
[Site "Budapest"]
[Date "2024.09.13"]
[Round "3.29"]
[White "Kawuma, Patrick"]
[Black "Houssein, Mohamed Bilal"]
[Result "1-0"]
[ECO "A13"]
[WhiteElo "2207"]
[BlackElo "1870"]
[Annotator "RC"]
[PlyCount "97"]
[EventDate "2024.09.05"]
[EventType "team-tourn"]
[EventCountry "HUN"]
[SourceTitle "playchess.com"]
[Source "ChessBase"]
[SourceQuality "1"]
[WhiteTeam "Uganda"]
[BlackTeam "Djibouti"]
[WhiteTeamCountry "UGA"]
[BlackTeamCountry "DJI"]
[TimeControl "40/5400+30:1800+30"]

1. c4 Nf6 2. g3 e6 3. Bg2 d5 4. Nf3 dxc4 5. Qa4+ Nbd7 6. Qxc4 a6 7. Qc2 c5 8. O-O b5 9. Ne5 Nd5 10. f4 Bb7 11. Nf3 c4 12. b3 Bc5+ 13. Kh1 cxb3 14. Qxb3 O-O 15. Bb2 N7f6 16. Ne5 Qb6 17. e4 Ne7 18. Nc3 Rad8 19. d3 Ng6 20. Nxg6 hxg6 21. Ne2 Qa7 22. h3 Rd7 23. g4 Rfd8 24. Rad1 Qa8 25. Kh2 b4 26. g5 Nh5 27. Qc2 Bf8 28. d4 a5 29. Ng3 Nxg3 30. Kxg3 Rc8 31. Qb1 a4 32. Rf2 b3 33. axb3 axb3 34. Ba1 Qa4 35. Rd3 Ra8 36. Rxb3 Qxa1 37. Rxb7 Rxb7 38. Qxb7 Ra3+ 39. Kh2 Qxd4 40. Qb2 Qa7 41. Qd2 Kh7 42. f5 exf5 43. exf5 gxf5 44. Rxf5 Bc5 45. Qf4 Bg1+ 46. Kh1 Ra1 47. g6+ Kh8 48. Qh4+ Kg8 49. Qd8# 1-0

[Event "45th FIDE Olympiad 2024"]
[Site "Budapest"]
[Date "2024.09.13"]
[Round "3.30"]
[White "Andersen, Mads"]
[Black "Howell, David W L"]
[Result "1/2-1/2"]
[ECO "C67"]
[WhiteElo "2598"]
[BlackElo "2677"]
[Annotator "RC"]
[PlyCount "92"]
[EventDate "2024.09.05"]
[EventType "team-tourn"]
[EventCountry "HUN"]
[SourceTitle "playchess.com"]
[Source "ChessBase"]
[SourceQuality "1"]
[WhiteTeam "Denmark"]
[BlackTeam "England"]
[WhiteTeamCountry "DEN"]
[BlackTeamCountry "ENG"]
[TimeControl "40/5400+30:1800+30"]

1. e4 e5 2. Nf3 Nc6 3. Bb5 Nf6 4. O-O Nxe4 5. Re1 Nd6 6. a4 Be7 7. Nc3 a6 8. Bf1 e4 9. Nxe4 Nxe4 10. Rxe4 d5 11. Re1 Bg4 12. h3 Bh5 13. c3 d4 14. d3 O-O 15. Be2 Bg6 16. Bf4 Re8 17. Bf1 Qd7 18. Qb3 Na5 19. Qa2 dxc3 20. bxc3 Bd6 21. Rxe8+ Rxe8 22. Qd5 Qf5 23. Qxf5 Bxf5 24. Be3 c5 25. Nd2 Rc8 26. g4 Bd7 27. Bg2 Kf8 28. Bd5 Be7 29. Nc4 Nxc4 30. dxc4 a5 31. Bxb7 Rb8 32. Ba6 Rb3 33. Bb5 Be6 34. Kg2 Bd6 35. Rd1 Ke7 36. Bg5+ f6 37. Bd2 Be5 38. Be3 Bd6 39. Bd2 Be5 40. Be3 Bd6 41. Re1 g5 42. Rc1 h6 43. Re1 Kf7 44. Rd1 Ke7 45. Re1 Kf7 46. Rd1 Ke7 1/2-1/2

[Event "45th FIDE Olympiad 2024"]
[Site "Budapest"]
[Date "2024.09.13"]
[Round "3.31"]
[White "McShane, Luke J"]
[Black "Thybo, Jesper Sondergaard"]
[Result "1/2-1/2"]
[ECO "C65"]
[WhiteElo "2611"]
[BlackElo "2555"]
[Annotator "RC"]
[PlyCount "77"]
[EventDate "2024.09.05"]
[EventType "team-tourn"]
[EventCountry "HUN"]
[SourceTitle "playchess.com"]
[Source "ChessBase"]
[SourceQuality "1"]
[WhiteTeam "England"]
[BlackTeam "Denmark"]
[WhiteTeamCountry "ENG"]
[BlackTeamCountry "DEN"]
[TimeControl "40/5400+30:1800+30"]

1. e4 e5 2. Nf3 Nc6 3. Bb5 Nf6 4. d3 Bc5 5. Bxc6 dxc6 6. Nbd2 Nd7 7. Nc4 f6 8. Bd2 Nf8 9. b4 Be7 10. a4 Ng6 11. Ne3 O-O 12. h4 f5 13. Bc3 fxe4 14. dxe4 Nxh4 15. Nxh4 Bxh4 16. Qxd8 Bxd8 17. Nc4 Bf6 18. Nxe5 g5 19. O-O-O Re8 20. Rh5 h6 21. f4 Bxe5 22. fxe5 Bg4 23. Rxh6 Bxd1 24. e6 Kf8 25. Rh7 Be2 26. e7+ Rxe7 27. Rh8+ Kf7 28. Rxa8 Rxe4 29. Rxa7 Ba6 30. b5 cxb5 31. axb5 Bxb5 32. Rxb7 Bf1 33. Rxc7+ Kg6 34. g3 Re3 35. g4 Re4 36. Rc6+ Kh7 37. Rc7+ Kg6 38. Rc6+ Kh7 39. Rc7+ 1/2-1/2

[Event "45th FIDE Olympiad 2024"]
[Site "Budapest"]
[Date "2024.09.13"]
[Round "3.31"]
[White "Nsubuga, Haruna"]
[Black "Mohamed, Ali Dima"]
[Result "1-0"]
[ECO "D02"]
[WhiteElo "2243"]
[BlackElo "1761"]
[Annotator "RC"]
[PlyCount "47"]
[EventDate "2024.09.05"]
[EventType "team-tourn"]
[EventCountry "HUN"]
[SourceTitle "playchess.com"]
[Source "ChessBase"]
[SourceQuality "1"]
[WhiteTeam "Uganda"]
[BlackTeam "Djibouti"]
[WhiteTeamCountry "UGA"]
[BlackTeamCountry "DJI"]
[TimeControl "40/5400+30:1800+30"]

1. d4 d5 2. Nf3 Nf6 3. g3 Bf5 4. c4 e6 5. Qb3 c6 6. Qxb7 Be4 7. Qxa8 Bxf3 8. exf3 Qc7 9. Bf4 Bd6 10. Bxd6 Qxd6 11. Qxa7 Qb4+ 12. Nd2 O-O 13. a3 Qxb2 14. Rb1 Qc2 15. Qxb8 Nd7 16. Qb3 Qg6 17. f4 h6 18. Qd3 f5 19. c5 Nf6 20. Nf3 Ne4 21. Ne5 Qe8 22. Rb6 Qa8 23. Nxc6 Kh7 24. Bg2 1-0

[Event "45th FIDE Olympiad 2024"]
[Site "Budapest"]
[Date "2024.09.13"]
[Round "3.32"]
[White "Olsen, Filip Boe"]
[Black "Jones, Gawain C B"]
[Result "1/2-1/2"]
[ECO "A48"]
[WhiteElo "2441"]
[BlackElo "2646"]
[Annotator "TA"]
[PlyCount "128"]
[EventDate "2024.09.05"]
[EventType "team-tourn"]
[EventCountry "HUN"]
[SourceTitle "playchess.com"]
[Source "ChessBase"]
[SourceQuality "1"]
[WhiteTeam "Denmark"]
[BlackTeam "England"]
[WhiteTeamCountry "DEN"]
[BlackTeamCountry "ENG"]
[TimeControl "40/5400+30:1800+30"]

1. d4 Nf6 2. Nf3 g6 3. Bf4 Bg7 4. e3 d6 5. h3 O-O 6. Be2 Nbd7 7. a4 b6 8. O-O a5 9. Nc3 Bb7 10. Re1 e6 11. Bb5 Ne4 12. Nxe4 Bxe4 13. c3 h6 14. Bg3 Nf6 15. Nd2 Bb7 16. e4 e5 17. Bh4 Qc8 18. d5 Ba6 19. Bc6 Bb7 20. Bb5 Kh8 (20... Ba6 $11) 21. b4 $14 Nh5 22. bxa5 bxa5 (22... Rxa5 $11 {keeps the balance.} 23. c4 f6) 23. c4 $16 {[%emt 0:00:39][%cal Oc4c5] White is more active.} Nf4 {[%emt 0:05:08] [#]} ({Wrong is} 23... c6 $2 24. dxc6 Bxc6 25. Be7 $18) 24. c5 $1 dxc5 (24... f5 25. Rc1) 25. Be7 ({White should try} 25. Rc1) 25... Rg8 26. Bxc5 c6 27. dxc6 Bxc6 28. Be3 {[%emt 0:01:01] [#] Rc1 is the strong threat.} Qd7 29. Qb3 Rgc8 30. Bxc6 Rxc6 31. Nf3 Qc7 32. Bxf4 exf4 33. Rab1 Rc4 34. e5 Re8 35. Qb5 Re7 {[%emt 0:02:53] The position is equal.} 36. h4 Rc5 37. Qb8+ Kh7 38. Qxc7 Rexc7 39. Rb5 Rxb5 40. axb5 $11 {[%emt 0:00:02][%mdl 4096] Endgame. KRB-KRN} Rb7 41. Rb1 Bf8 (41... a4 42. Ra1 $15) 42. Nd2 $1 Bb4 43. Nc4 Rxb5 {[%emt 0:01:34] And now ...Rc5 would win.} 44. Nxa5 Rxa5 45. Rxb4 {[%emt 0:00:06] KR-KR} g5 46. Rb7 Kg8 47. Rb6 Kg7 48. e6 f5 49. h5 Ra1+ 50. Kh2 Re1 51. f3 Re2 52. e7 Rxe7 53. Rg6+ Kh7 54. Rf6 Re5 55. Kg1 Ra5 56. Rf7+ Kg8 57. Rf6 Kg7 58. Rg6+ Kf7 59. Rxh6 g4 60. fxg4 fxg4 61. g3 Ra1+ 62. Kf2 Ra2+ 63. Kf1 Ra1+ 64. Kf2 Ra2+ {[%emt 0:00:32] Weighted Error Value: White=0.07 (flawless) /Black=0.07 (flawless) .  Mistake:       	White=1     	Black=2      Inaccurate:     	White=5     	Black=1      OK:         	White=33    	Black=15     Best:        	White=3     	Black=1      Strong:       	White=1     	---} 1/2-1/2

[Event "45th FIDE Olympiad 2024"]
[Site "Budapest"]
[Date "2024.09.13"]
[Round "3.33"]
[White "Maghsoodloo, Parham"]
[Black "Mchedlishvili, Mikheil"]
[Result "1-0"]
[ECO "A16"]
[WhiteElo "2723"]
[BlackElo "2574"]
[Annotator "TA"]
[PlyCount "59"]
[EventDate "2024.09.05"]
[EventType "team-tourn"]
[EventCountry "HUN"]
[SourceTitle "playchess.com"]
[Source "ChessBase"]
[SourceQuality "1"]
[WhiteTeam "Iran"]
[BlackTeam "Georgia"]
[WhiteTeamCountry "IRI"]
[BlackTeamCountry "GEO"]
[TimeControl "40/5400+30:1800+30"]

1. c4 Nf6 2. Nc3 d5 3. cxd5 Nxd5 4. Qa4+ Nc6 5. Nf3 g6 6. h4 (6. Ne5 $11) 6... Nb6 $15 7. Qd1 Bg4 8. Nh2 {[%emt 0:01:00] Black is slightly better.} Bf5 9. e4 Be6 10. Bb5 Bg7 11. Nf3 Bg4 12. Bxc6+ bxc6 13. Qc2 Qd7 14. Nh2 Be6 15. b3 {[%emt 0:00:57] Dodges Bc4} O-O 16. Bb2 Rfd8 17. Ne2 c5 18. h5 c4 19. hxg6 hxg6 20. Nf3 cxb3 (20... Bxb2 $11 21. Qxb2 f6) 21. axb3 $14 Qd3 22. Qxd3 (22. Qxc7 $2 Bxb2 23. Rd1 Bxb3 $19 (23... Qxe4 $2 24. d4 $19)) 22... Rxd3 23. Bxg7 Kxg7 24. Ng5 {[%emt 0:03:44] [#] Nf4 is the strong threat.} Kg8 $2 {[%emt 0:12:15] A mistake that costs the game.} (24... Kf6 $16 {is a better defense.} 25. Nxe6 fxe6) 25. Nf4 $18 Rxb3 26. Nfxe6 fxe6 {[%emt 0:00:05] [#]} 27. Rh6 $1 (27. Nxe6 $6 a5 $16) 27... a5 28. Ke2 (28. Nxe6 Kf7 29. Ng5+ (29. Nxc7 Rc8 $14) 29... Ke8 30. Rh8+ (30. Rxg6 Ra7 $18) 30... Kd7 31. Rxa8 Nxa8 32. Rxa5 Nb6 $18) (28. Rxg6+ Kf8 29. Ke2 (29. Nxe6+ Kf7 $18) (29. Rxe6 a4 $16) 29... a4 $18) 28... Kf8 $2 (28... Rb5) 29. Rh8+ Kg7 30. Rh7+ {[%emt 0:00:19] Weighted Error Value: White=0.06 (flawless) /Black=0.42.  Mistake:       	---       	Black=3      Inaccurate:     	White=1     	Black=3      OK:         	White=17    	Black=5      Best:        	---       	Black=1      Strong:       	White=1     	---} (30. Nxe6+ $2 {loses.} Kxh8 31. Nf4 Kg7 $19) 1-0

[Event "45th FIDE Olympiad 2024"]
[Site "Budapest"]
[Date "2024.09.13"]
[Round "3.33"]
[White "Kamara, Ansumana"]
[Black "Alhassadi, Yousef A."]
[Result "0-1"]
[ECO "B33"]
[WhiteElo "1876"]
[BlackElo "2082"]
[Annotator "NA RC"]
[PlyCount "96"]
[EventDate "2024.09.05"]
[EventType "team-tourn"]
[EventCountry "HUN"]
[SourceTitle "playchess.com"]
[Source "ChessBase"]
[SourceQuality "1"]
[WhiteTeam "Sierra Leone"]
[BlackTeam "Libya"]
[WhiteTeamCountry "SIE"]
[BlackTeamCountry "LBY"]
[TimeControl "40/5400+30:1800+30"]

1. e4 c5 2. Nf3 e6 3. d4 cxd4 4. Nxd4 Nf6 5. f3 Nc6 6. Nb3 d5 7. Bg5 Be7 8. exd5 Nxd5 9. Bxe7 Qxe7 10. Qd2 O-O 11. Bd3 Qh4+ 12. Qf2 Qf6 13. c3 Qe5+ 14. Qe2 Nf4 15. Bxh7+ Kxh7 16. Qxe5 Nxe5 17. O-O Nfd3 18. N1d2 Nxb2 19. Nc5 b6 20. Nce4 Ba6 21. Rfb1 Nbd3 22. a4 Nc5 23. a5 Nxe4 24. Nxe4 Bd3 25. Re1 Bxe4 26. Rxe4 Nd7 27. Rd4 Nc5 28. Rb4 Rfc8 29. axb6 axb6 30. Rxa8 Rxa8 31. Rxb6 Ra3 32. h3 Rxc3 33. Kh2 e5 34. Rb2 f5 35. Re2 e4 36. fxe4 fxe4 37. h4 Kg6 38. g4 Kf6 39. Rf2+ Ke5 40. Rf7 e3 41. Kg2 Rc2+ 42. Kg1 e2 43. Re7+ Kf4 44. g5 Ne4 45. Rxe4+ Kxe4 46. Kf2 Kd3 47. h5 Rc1 48. h6 e1=Q+ 0-1

[Event "45th FIDE Olympiad 2024"]
[Site "Budapest"]
[Date "2024.09.13"]
[Round "3.34"]
[White "Paichadze, Luka"]
[Black "Tabatabaei, M. Amin"]
[Result "1/2-1/2"]
[ECO "C45"]
[WhiteElo "2516"]
[BlackElo "2714"]
[Annotator "TA"]
[PlyCount "72"]
[EventDate "2024.09.05"]
[EventType "team-tourn"]
[EventCountry "HUN"]
[SourceTitle "playchess.com"]
[Source "ChessBase"]
[SourceQuality "1"]
[WhiteTeam "Georgia"]
[BlackTeam "Iran"]
[WhiteTeamCountry "GEO"]
[BlackTeamCountry "IRI"]
[TimeControl "40/5400+30:1800+30"]

1. e4 e5 2. Nf3 Nc6 3. d4 exd4 4. Nxd4 Nf6 5. Nxc6 bxc6 6. Bd3 d5 7. exd5 cxd5 8. O-O Be7 9. h3 O-O 10. Nd2 c5 11. b3 Qc7 12. Re1 h6 13. Bb2 Be6 14. Qf3 Rad8 (14... Nh7 {with more complications.} 15. Rad1 Rfe8 16. Qh5 Nf6) 15. Bf5 Bxf5 16. Qxf5 Qd7 17. Qf3 Nh7 {[%emt 0:05:12] The position is equal.} 18. Re2 Bf6 19. Bxf6 Nxf6 20. Rae1 Rfe8 21. Qd3 Rxe2 22. Rxe2 Re8 23. Rxe8+ Qxe8 $11 {[%emt 0:00:17][%mdl 4096] Endgame. KQN-KQN} 24. Nf3 Qc6 25. Qe3 Kf8 {[%emt 0:02:57] Repels Qe7+} 26. Ne5 Qc7 27. Nd3 Nd7 28. Qd2 Nf6 29. Qe1 c4 30. Qe5 Qc8 31. Nb4 cxb3 32. axb3 Kg8 33. Nxd5 Nxd5 34. Qxd5 Qxc2 35. Qa8+ Kh7 36. Qxa7 Qxb3 {[%emt 0:00:07] Not much happened in this game.   Weighted Error Value: White=0.05 (flawless) /Black=0.04 (flawless) .  OK:         	White=4     	Black=10     Best:        	---       	Black=1} 1/2-1/2

[Event "45th FIDE Olympiad 2024"]
[Site "Budapest"]
[Date "2024.09.13"]
[Round "3.34"]
[White "Naser Eldean, Ahmed"]
[Black "Winston Gerald, Mansfield Thomas"]
[Result "1-0"]
[ECO "B07"]
[WhiteElo "1981"]
[BlackElo "1950"]
[Annotator "NA RC"]
[PlyCount "113"]
[EventDate "2024.09.05"]
[EventType "team-tourn"]
[EventCountry "HUN"]
[SourceTitle "playchess.com"]
[Source "ChessBase"]
[SourceQuality "1"]
[WhiteTeam "Libya"]
[BlackTeam "Sierra Leone"]
[WhiteTeamCountry "LBY"]
[BlackTeamCountry "SIE"]
[TimeControl "40/5400+30:1800+30"]

1. e4 d6 2. d4 Nf6 3. Nc3 c6 4. f4 Qa5 5. Bd3 e5 6. Nf3 Nbd7 7. Be3 Be7 8. h3 exd4 9. Bxd4 c5 10. Bxf6 Bxf6 11. e5 dxe5 12. O-O O-O 13. fxe5 Bd8 14. Ne4 c4 15. Bxc4 Nxe5 16. Nxe5 Bb6+ 17. Kh1 Qxe5 18. Qd5 Bc7 19. Qxe5 Bxe5 20. Rxf7 Rxf7 21. Rf1 h6 22. Rxf7 Kh7 23. Re7 Bf4 24. Rf7 Be5 25. Re7 Bf4 26. g3 Bb8 27. Re8 Bd7 28. Nf6+ gxf6 29. Bd3+ Kg7 30. Re7+ Kg8 31. Rxd7 Bxg3 32. Rxb7 Be5 33. b3 a5 34. Kg2 Rd8 35. Ra7 Bc3 36. Kf3 Rd4 37. Rc7 Bd2 38. Ke2 Bg5 39. Rc5 a4 40. Rc4 Rxc4 41. Bxc4+ Kf8 42. b4 Ke7 43. Bd5 Kd6 44. c4 f5 45. Kd3 Bf6 46. Bb7 Bb2 47. c5+ Kc7 48. Bf3 Bc1 49. Kc4 Be3 50. b5 Kd7 51. b6 Ke6 52. Bd5+ Ke7 53. Kb5 Kd8 54. c6 Bf4 55. Kxa4 Bd6 56. Kb5 f4 57. a4 1-0

[Event "45th FIDE Olympiad 2024"]
[Site "Budapest"]
[Date "2024.09.13"]
[Round "3.35"]
[White "Daneshvar, Bardiya"]
[Black "Jobava, Baadur"]
[Result "1/2-1/2"]
[ECO "D94"]
[WhiteElo "2598"]
[BlackElo "2582"]
[Annotator "RC"]
[PlyCount "138"]
[EventDate "2024.09.05"]
[EventType "team-tourn"]
[EventCountry "HUN"]
[SourceTitle "playchess.com"]
[Source "ChessBase"]
[SourceQuality "1"]
[WhiteTeam "Iran"]
[BlackTeam "Georgia"]
[WhiteTeamCountry "IRI"]
[BlackTeamCountry "GEO"]
[TimeControl "40/5400+30:1800+30"]

1. Nf3 Nf6 2. c4 c6 3. Nc3 d5 4. e3 g6 5. d4 Bg7 6. Be2 O-O 7. O-O Ne4 8. h3 b6 9. a4 Ba6 10. cxd5 cxd5 11. Bb5 Bb7 12. Qb3 Nxc3 13. bxc3 Nc6 14. Ba3 Qc7 15. Rfc1 Rfc8 16. Nd2 e5 17. Nf3 Na5 18. Qd1 Nc4 19. Bxc4 dxc4 20. Nxe5 Bxe5 21. dxe5 Qxe5 22. Bd6 Qe6 23. Ra2 Bc6 24. Rd2 Rd8 25. Rd4 Bxa4 26. Qd2 f5 27. f3 Rd7 28. Bf4 a5 29. Re1 Bc6 30. Rd1 Raa7 31. Qb2 Bd5 32. Kh2 Kg7 33. Qb5 Qc6 34. Be5+ Kf7 35. Qb2 Ke8 36. e4 fxe4 37. fxe4 Bxe4 38. Rd6 Rxd6 39. Rxd6 Qc5 40. Re6+ Kd7 41. Bd4 Qc7+ 42. Re5 Kc8 43. Kg1 Bc6 44. Qxb6 Qxb6 45. Bxb6 Rb7 46. Bxa5 Rb2 47. Rg5 Kd7 48. Bb4 Rc2 49. Rg3 Ke6 50. Bf8 Be4 51. Bh6 Kf5 52. Rg5+ Kf6 53. Rg4 Bd5 54. Rg3 Bc6 55. Bg5+ Ke6 56. Bh6 Be4 57. Rg4 Bd3 58. Bg7 Kf5 59. Rg3 h5 60. Rf3+ Ke4 61. Bd4 Kd5 62. Rf2 Rc1+ 63. Kh2 Be4 64. h4 Rd1 65. Bg7 Bf5 66. Re2 Kc6 67. Kg3 Rd7 68. Bf6 Rd6 69. Bg7 Rd7 1/2-1/2

[Event "45th FIDE Olympiad 2024"]
[Site "Budapest"]
[Date "2024.09.13"]
[Round "3.35"]
[White "Adeshole Beckley, Brian"]
[Black "Abugenda, Nagi"]
[Result "0-1"]
[ECO "E11"]
[WhiteElo "1814"]
[BlackElo "1975"]
[Annotator "NA RC"]
[PlyCount "79"]
[EventDate "2024.09.05"]
[EventType "team-tourn"]
[EventCountry "HUN"]
[SourceTitle "playchess.com"]
[Source "ChessBase"]
[SourceQuality "1"]
[WhiteTeam "Sierra Leone"]
[BlackTeam "Libya"]
[WhiteTeamCountry "SIE"]
[BlackTeamCountry "LBY"]
[TimeControl "40/5400+30:1800+30"]

1. d4 Nf6 2. c4 e6 3. Nf3 Bb4+ 4. Bd2 Qe7 5. a3 Bxd2+ 6. Qxd2 b6 7. g3 Bb7 8. Bg2 O-O 9. O-O d6 10. Nc3 Nbd7 11. Rfe1 c5 12. e3 Rfd8 13. d5 exd5 14. cxd5 a6 15. e4 b5 16. Qf4 Re8 17. Bh3 Ne5 18. Nxe5 Qxe5 19. Qxe5 Rxe5 20. f4 Re7 21. e5 Ne8 22. e6 Nf6 23. exf7+ Kxf7 24. Rxe7+ Kxe7 25. Re1+ Kf8 26. Bg2 Re8 27. Re6 Rxe6 28. dxe6 Bxg2 29. Kxg2 g6 30. Kf3 Ke7 31. g4 Kxe6 32. h4 d5 33. Ne2 h5 34. g5 Ne4 35. b4 c4 36. Nd4+ Kf7 37. f5 gxf5 38. Nxf5 c3 39. Ke3 c2 40. Kd4 0-1

[Event "45th FIDE Olympiad 2024"]
[Site "Budapest"]
[Date "2024.09.13"]
[Round "3.36"]
[White "Pantsulaia, Levan"]
[Black "Movahed, Sina"]
[Result "1-0"]
[ECO "C00"]
[WhiteElo "2516"]
[BlackElo "2528"]
[Annotator "RC"]
[PlyCount "95"]
[EventDate "2024.09.05"]
[EventType "team-tourn"]
[EventCountry "HUN"]
[SourceTitle "playchess.com"]
[Source "ChessBase"]
[SourceQuality "1"]
[WhiteTeam "Georgia"]
[BlackTeam "Iran"]
[WhiteTeamCountry "GEO"]
[BlackTeamCountry "IRI"]
[TimeControl "40/5400+30:1800+30"]

1. Nf3 d5 2. g3 Nf6 3. Bg2 c5 4. O-O e6 5. d3 Nc6 6. Nbd2 Be7 7. e4 O-O 8. Re1 Qc7 9. e5 Nd7 10. Qe2 b5 11. h4 a5 12. Nf1 a4 13. a3 b4 14. Bf4 Ba6 15. Ne3 Qa5 16. h5 bxa3 17. bxa3 Nd4 18. Qd1 h6 19. c4 dxc4 20. Nxc4 Bxc4 21. Nxd4 cxd4 22. dxc4 Rad8 23. Bd2 Qc7 24. Qxa4 Rb8 25. Qc6 Qa7 26. Bb4 Rfc8 27. Qe4 Bxb4 28. axb4 Qb6 29. Bf1 Qxb4 30. Bd3 Nf8 31. Qxd4 Rd8 32. Qe3 Rbc8 33. Reb1 Qe7 34. Ra7 Rc7 35. Rba1 Rcd7 36. Be2 Rc8 37. Rxd7 Nxd7 38. Ra7 Qd8 39. Qd4 Nc5 40. Qxd8+ Rxd8 41. Rc7 Na6 42. Rc6 Nb8 43. Rd6 Rc8 44. Bf3 Kf8 45. Bb7 Rxc4 46. Rd8+ Ke7 47. Rxb8 Rb4 48. f4 1-0

[Event "45th FIDE Olympiad 2024"]
[Site "Budapest"]
[Date "2024.09.13"]
[Round "3.36"]
[White "Elshaafi, Ali"]
[Black "Moses, Ina Ebenezer Conteh"]
[Result "0-1"]
[ECO "B12"]
[WhiteElo "1984"]
[BlackElo "1631"]
[Annotator "NA RC"]
[PlyCount "118"]
[EventDate "2024.09.05"]
[EventType "team-tourn"]
[EventCountry "HUN"]
[SourceTitle "playchess.com"]
[Source "ChessBase"]
[SourceQuality "1"]
[WhiteTeam "Libya"]
[BlackTeam "Sierra Leone"]
[WhiteTeamCountry "LBY"]
[BlackTeamCountry "SIE"]
[TimeControl "40/5400+30:1800+30"]

1. e4 c6 2. d4 d5 3. e5 Bf5 4. h4 h6 5. g4 Bh7 6. e6 fxe6 7. Bd3 Bxd3 8. Qxd3 Na6 9. Nf3 Nf6 10. Qg6+ Kd7 11. Ne5+ Kc8 12. Nf7 Qa5+ 13. Bd2 Qb6 14. Nc3 Rh7 15. O-O-O Qxd4 16. g5 hxg5 17. Bxg5 Qg4 18. Qd3 Qf5 19. Qd4 Nd7 20. Qd3 g6 21. Qd4 Rxf7 22. f4 Bg7 23. Qd2 Nac5 24. h5 Bxc3 25. Qxc3 Ne4 26. Qe3 Nxg5 27. fxg5 gxh5 28. Rxh5 Rh7 29. Rxh7 Qxh7 30. Qxe6 Kc7 31. g6 Qh6+ 32. Kb1 Qg5 33. a3 Nf8 34. Qf7 Nxg6 35. Rh1 Ne5 36. Qe6 Qf6 37. Qh3 Rf8 38. b3 Nf3 39. Qg3+ Qd6 40. Qg7 Nd2+ 41. Ka2 Rf2 42. Qc3 Ne4 43. Qa5+ Kd7 44. Qxa7 Rxc2+ 45. Kb1 Rh2 46. Qxb7+ Ke6 47. Qc8+ Kf7 48. Qf5+ Nf6 49. Rxh2 Qxh2 50. a4 Qh7 51. Qxh7+ Nxh7 52. a5 Nf6 53. Kc2 Ke8 54. a6 Nd7 55. Kc3 Kd8 56. Kb4 Kc7 57. Kc3 e5 58. Kd3 Nc5+ 59. Kc3 Nxa6 0-1